 Dungeon Crawl Stone Soup version 0.30-a0-1075-gcd70e7a56d (webtiles) character file.

Game seed: 12058459203240537690

49 Pimp the Trooper (level 3, -4/29 HPs)
             Began as a Demonspawn Fighter on Apr 14, 2023.
             Slain by a gnoll
             ... wielding a +0 halberd
              (12 damage)
             ... on level 2 of the Dungeon.
             The game lasted 00:02:16 (856 turns).

Pimp the Trooper (Demonspawn Fighter)                Turns: 856, Time: 00:02:17

Health: -4/29      AC:  6    Str: 18    XL:     3   Next: 51%
Magic:  3/3        EV:  9    Int:  9    God:
Gold:   52         SH:  4    Dex: 12    Spells: 2/2 levels left

rFire   . . .      SeeInvis .    a - +0 war axe
rCold   . . .      Faith    .    c - +0 buckler
rNeg    . . .      Spirit   .    b - +0 scale mail
rPois   .          Reflect  .    (no helmet)
rElec   .          Rampage  .    (no cloak)
rCorr   .                        (no gloves)
Will    .....                    (no boots) Stlth
                                 (no amulet)
HPRegen 0.24/turn                (no ring)
MPRegen 0.08/turn                (no ring)

@: no status effects
A: powered by death 1
a: no special abilities


You were on level 2 of the Dungeon.
You visited 1 branch of the dungeon, and saw 2 of its levels.

You collected 52 gold pieces.

Inventory:

Hand Weapons
 a - a +0 war axe (weapon)
Armour
 b - a +0 scale mail (worn)
 c - a +0 buckler (worn)
Scrolls
 f - 3 scrolls of identify {unknown}
 g - 2 scrolls of immolation {unknown}
Potions
 d - a potion of might
 e - a potion of curing {unknown}
 h - a potion of degeneration {unknown}
 i - a potion of attraction {unknown}


   Skills:
 + Level 3.4 Fighting
 + Level 2.3 Axes
 + Level 3.1 Armour
 + Level 3.1 Shields


You had 2 spell levels left.
You didn't know any spells.
Your spell library contained the following spells:

 Spells                   Type           Power      Damage    Failure   Level
 Hailstorm                Conj/Ice       0%         3d3       99%         3
 Ice Form                 Ice/Tmut       0%         N/A       100%        4
 Simulacrum               Ice/Necr       0%         N/A       100%        6


Dungeon Overview and Level Annotations

Branches:
Dungeon (2/15)

Altars:
Qazlal


Innate Abilities, Weirdness & Mutations

You regenerate a little health from kills.


Message History

You miss the bat. You block the bat's attack.
The bat hits you but does no damage. The hobgoblin hits you.
A gnoll comes into view. It is wielding a +0 halberd.
The bat hits you but does no damage. x2
You closely miss the bat.
The gnoll shouts!
You hit the hobgoblin. You closely miss the bat.
You hear an angry hiss.
You block the bat's attack. The bat barely misses you.
The bat hits you but does no damage. The hobgoblin barely misses you.
You barely miss the bat. You hit the hobgoblin.
You kill the hobgoblin!
The bat hits you but does no damage. The bat closely misses you.
You block the bat's attack. The bat hits you. The bat closely misses you.
You barely miss the bat. The bat hits you but does no damage.
The bat closely misses you. The bat hits you but does no damage.
A gnoll comes into view. It is wielding a +0 club.
You hit the bat.
The bat is severely wounded.
You miss the bat. The bat hits you but does no damage.
The bat barely misses you. The bat hits you but does no damage.
The bat barely misses you. The bat hits you but does no damage. x2
You closely miss the bat.
The bat is severely wounded.
You closely miss the bat. The bat closely misses you.
The bat hits you but does no damage. x2
The gnoll hits you from afar with a +0 halberd!
You barely miss the bat.
The bat is severely wounded.
You barely miss the bat. The bat hits you but does no damage.
The bat barely misses you. The bat hits you but does no damage.
The bat barely misses you. The gnoll completely misses you.
You closely miss the gnoll. You slash the bat!
You kill the bat!
You barely miss the bat. You block the bat's attack.
The bat hits you but does no damage. The gnoll hits you with a +0 club!
* * * LOW HITPOINT WARNING * * *
You block the gnoll's attack. The bat hits you but does no damage.
The gnoll hits you from afar with a +0 halberd!
You die...

#.....# ....... ......#
....... ......# .......
.####.## ....... .#
#..## ....... .. ##..##
.......
....###..########.......
................b.gg....
....########....@##....#
.... #####g# ..# #.# #
#.# #.. #.. #... #...


You could see 3 gnolls and a bat.

Vanquished Creatures
  An adder (D:2)
  A worm (D:2)
  A dart slug (D:1)
  3 bats
  3 endoplasms (D:1)
  A giant cockroach (D:1)
  2 goblins (D:1)
  3 hobgoblins
  3 jackals (D:1)
  A quokka (D:1)
  3 ball pythons
  2 frilled lizards (D:1)
  3 kobolds
  7 rats
34 creatures vanquished.

Notes
Turn   | Place    | Note
-------+----------+-------------------------------------------
     0 | D:1      | Pimp the Demonspawn Fighter began the quest for the Orb.
     0 | D:1      | Reached XP level 1. HP: 18/18 MP: 1/1
    85 | D:1      | Gained mutation: You regenerate a little health from kills.
                  | [demonic ancestry]
    85 | D:1      | Reached XP level 2. HP: 24/24 MP: 2/2
   159 | D:1      | Found a faded altar of an unknown god.
   614 | D:2      | Reached XP level 3. HP: 29/29 MP: 3/3
   794 | D:2      | Found a stormy altar of Qazlal.
   856 | D:2      | Slain by a gnoll

Illustrated notes

Levels and vault maps discovered:
D:1:      lightli_iron_boxes, layout_basic, shapermc_ecumenical_altar_pompeii,
          minmay_tree_intersection, minmay_pentomino_u4
D:2:      layout_basic, basic_altar, grunt_decor_resistance

Skill      XL: |  1  2 |
---------------+-------+-----
Axes           | 2 |  2.3
Shields        | 3 |  3.1
Armour         | 3 |  3.1
Fighting       | |  3.4

Action                     || total
---------------------------++-------
  Melee: War axe           ||    92
 Armour: Scale mail        ||    62
  Dodge: Dodged            ||    40
  Block: Buckler           ||    32

Table legend: (Time is in decaauts)
 A = Elapsed time spent in this place.
 B = Non-inter-level travel time spent in this place.
 C = Inter-level travel time spent in this place.
 D = Time resting spent in this place.
 E = Time spent auto-exploring this place.
 F = Levels seen in this place.
 G = Mean time per level.
                   A        B        C        D        E       F      G
               +--------+--------+--------+--------+--------+-----+--------+
         Total |    894 |    863 |     31 |      0 |    605 |   2 |  447.0 |
       Dungeon |    894 |    863 |     31 |      0 |    605 |   2 |  447.0 |
               +--------+--------+--------+--------+--------+-----+--------+

Top non-repeatable levels by time:
     D:1: 631 daAuts
     D:2: 263 daAuts
